 Dungeon Crawl Stone Soup version 0.26-a0-712-ga5a9c9c9d0 (webtiles) character file.

Game seed: 4440737520737343466

74 Sin92 the Covered (level 4, -1/40 HPs)
             Began as a Minotaur Fighter on Nov 1, 2020.
             Slain by a gnoll
             ... wielding a +0 halberd
              (10 damage)
             ... on level 2 of the Dungeon.
             The game lasted 00:02:51 (1211 turns).

Sin92 the Covered (Minotaur Fighter)                Turns: 1211, Time: 00:02:51

Health: -1/40      AC:  7    Str: 22    XL:     4   Next: 10%
Magic:  3/3        EV:  8    Int:  5    God:
Gold:   81         SH:  9    Dex:  9    Spells: 3/3 levels left

rFire    . . .     SeeInvis .   a - +0 war axe
rCold    . . .     Faith    .   c - +0 kite shield
rNeg     . . .     Spirit   .   b - +0 scale mail
rPois    .         Reflect  .   (helmet restricted)
rElec    .         Harm     .   (no cloak)
rCorr    .         Rampage  .   (no gloves)
MR       .....                  (no boots)
Stlth    ..........             (no amulet)
HPRegen  0.13/turn              (no ring)
MPRegen  0.08/turn              (no ring)

@: lethally poisoned (-1 -> -10)
A: retaliatory headbutt, horns 2
a: no special abilities


You were on level 2 of the Dungeon.
You visited 1 branch of the dungeon, and saw 2 of its levels.

You collected 81 gold pieces.

Inventory:

Hand Weapons
 a - a +0 war axe (weapon)
Armour
 b - a +0 scale mail (worn)
 c - a +0 kite shield (worn)
 g - a cursed +0 leather armour
Jewellery
 h - an uncursed amulet of regeneration {unknown}
Scrolls
 f - a scroll of enchant weapon {unknown}
 j - a scroll of blinking {unknown}
Potions
 d - 2 potions of might
 e - a potion of heal wounds {unknown}
 i - a potion of curing {unknown}


   Skills:
 + Level 4.0 Fighting
 * Level 3.7 Axes
 + Level 4.1 Armour
 + Level 1.4 Dodging
 + Level 4.0 Shields


You had 3 spell levels left.
You didn't know any spells.
Your spell library was empty.

Dungeon Overview and Level Annotations

Branches:
Dungeon (2/15)

Altars:


Innate Abilities, Weirdness & Mutations

You reflexively headbutt those who attack you in melee.
You have a pair of horns on your head.


Message History

The gnoll is severely wounded.
You block the gnoll's attack. The gnoll hits you but does no damage.
The gnoll hits you from afar with a +0 halberd!
You hit the gnoll.
You kill the gnoll!
You have reached level 4!
You feel stronger.
You hit the gnoll. The gnoll hits you but does no damage.
The gnoll hits you from afar with a +0 halberd!
The gnoll hits you with a +1 spear of venom.
The gnoll hits you but does no damage.
Unknown command.
The gnoll hits you with a +1 spear of venom.
* * * LOW HITPOINT WARNING * * *
You are lethally poisoned!
* * * LOW HITPOINT WARNING * * *
You feel sick. You block the gnoll's attack.
* * * LOW HITPOINT WARNING * * *
You feel sick. The gnoll hits you with a +0 halberd!
You die...

..#...................
......#.#.#.#........##
....... ...#.#........
#......###.#.........# .
#..........†....#.....
..#..##.#.)....(..#.....
........................
#...gg.........#.....
+...@g.^.............
#................###.
#..................#+
#....................
.........######.......
...........# .......<.
...........# .......#.
.###...##### .......#.
#... .....###.


You could see 3 gnolls.

Vanquished Creatures
  A gnoll (D:2)
  3 adders (D:2)
  A worm (D:2)
  A dart slug (D:1)
  A leopard gecko (D:1)
  3 bats (D:1)
  6 giant cockroaches (D:1)
  2 goblins
  4 hobgoblins
  A quokka (D:2)
  5 kobolds (D:1)
  5 rats
33 creatures vanquished.

Notes
Turn   | Place    | Note
-------+----------+-------------------------------------------
     0 | D:1      | Sin92 the Minotaur Fighter began the quest for the Orb.
     0 | D:1      | Reached XP level 1. HP: 19/19 MP: 0/0
   172 | D:1      | Reached XP level 2. HP: 26/27 MP: 1/1
   796 | D:2      | Reached skill level 1 in Dodging
   796 | D:2      | Reached XP level 3. HP: 33/33 MP: 2/2
  1207 | D:2      | Reached XP level 4. HP: 28/40 MP: 3/3
  1211 | D:2      | Slain by a gnoll

Illustrated notes

Levels and vault maps discovered:
D:1:      dpeg_arrival_leaves_temple_mockup, layout_basic, serial_rivers,
          chequers_serial_rivers_micro_a, chequers_serial_rivers_room_b,
          chequers_serial_rivers_micro_e, chequers_serial_rivers_micro_d,
          minmay_worlds_worst_comb
D:2:      layout_basic, minmay_pentomino_w2

Skill      XL: |  1  2  3 |
---------------+----------+-----
Axes           | 3 |  3.7
Dodging        | 1 |  1.4
Armour         | 4 |  4.1
Fighting       | 4 |  4.0
Shields        | 4 |  4.0

Action                   |  1- 3 |  4- 6 || total
-------------------------+-------+-------++-------
Melee: War axe           |    69 |       ||    69
       Headbutt          |    12 |       ||    12
Armor: Scale mail        |    38 |     2 ||    40
Dodge: Dodged            |    20 |       ||    20
Block: Kite shield       |    39 |     1 ||    40

Table legend: (Time is in decaauts)
 A = Elapsed time spent in this place.
 B = Non-inter-level travel time spent in this place.
 C = Inter-level travel time spent in this place.
 D = Time resting spent in this place.
 E = Time spent auto-exploring this place.
 F = Levels seen in this place.
 G = Mean time per level.
                   A        B        C        D        E       F      G
               +--------+--------+--------+--------+--------+-----+--------+
         Total |   1244 |   1235 |      9 |    179 |    866 |   2 |  622.0 |
       Dungeon |   1244 |   1235 |      9 |    179 |    866 |   2 |  622.0 |
               +--------+--------+--------+--------+--------+-----+--------+

Top non-repeatable levels by time:
     D:1: 813 daAuts
     D:2: 430 daAuts
